 Dungeon Crawl Stone Soup version 0.31-a0-1074-g0b22e4e0f1 (webtiles) character file.

Game seed: 1294926795254351952

1255 grandjackal the Trooper (level 8, -6/73 HPs)
             Began as a Ghoul Monk on Nov 29, 2023.
             Mangled by Joseph
             ... wielding a +0 quarterstaff
              (13 damage)
             ... on level 7 of the Dungeon.
             The game lasted 00:05:55 (5344 turns).

grandjackal the Trooper (Ghoul Monk)                Turns: 5344, Time: 00:05:55

Health: -6/73      AC:  3    Str: 15    XL:     8   Next: 51%
Magic:  7/7        EV: 12    Int: 11    God:
Gold:   364        SH:  0    Dex: 11    Spells: 6/7 levels left

rFire   . .          .
                       - Unarmed
rCold   + + .        c - orb {light}
rNeg    + + +        a - +0 robe
rPois   ∞            (no helmet)
rElec   .            (no cloak)
rCorr   .            (no gloves)
SInv    .            p - +0 pair of boots
Will    .....        (no amulet)
Stlth   +            j - ring of protection from cold
HPRegen 0.00/turn    (no ring)
MPRegen 0.10/turn

%: no passive effects
@: attractive, inhibited regen, glowing
A: claws 1, cold resistance 1, negative energy resistance 3, inhibited
regeneration, torment resistance 2, devour on kill
a: no special abilities


You were on level 7 of the Dungeon.
You visited 1 branch of the dungeon, and saw 7 of its levels.

You collected 508 gold pieces.
You spent 144 gold pieces at shops.

Inventory:

Missiles
 f - 3 darts of dispersal
 u - 9 poisoned darts (quivered)
 w - 3 curare-tipped darts
Armour
 a - a +0 robe (worn)
 c - an orb of light (worn)
 p - a +0 pair of boots (worn)
 y - a scarf of invisibility
Jewellery
 j - a ring of protection from cold (left claw)
Wands
 z - a wand of charming (7)
Scrolls
 d - a scroll of enchant armour {unknown}
 e - a scroll of fear {unknown}
 h - a scroll of brand weapon {unknown}
 i - 2 scrolls of amnesia {unknown}
 k - a scroll of enchant weapon {unknown}
 l - 5 scrolls of teleportation {unknown}
 o - 9 scrolls of identify {unknown}
 q - 2 scrolls of revelation {unknown}
 t - a scroll of summoning {unknown}
 v - 2 scrolls of immolation {unknown}
 x - a scroll of fog {unknown}
Potions
 b - 3 potions of ambrosia
 g - a potion of attraction
 m - 2 potions of invisibility {unknown}
 n - 3 potions of haste {unknown}
 r - 4 potions of magic {unknown}
 s - 3 potions of curing {unknown}


   Skills:
 + Level 7.5 Fighting
 - Level 3.0 Dodging
 + Level 7.4 Unarmed Combat
 + Level 4.5 Necromancy


You had 6 spell levels left.
You knew the following spells:

 Your Spells              Type           Power      Damage    Failure   Level
a - Necrotise             Necr           36%        1d5       5%          1

Your spell library contained the following spells:

 Spells                   Type           Power      Damage    Failure   Level
 Apportation              Tloc           0%         N/A       34%         1
 Summon Small Mammal      Summ           0%         N/A       34%         1
 Ensorcelled Hibernation  Hex/Ice        0%         N/A       47%         2
 Jinxbite                 Hex            0%         N/A       47%         2
 Gell's Gravitas          Tloc           0%         N/A       71%         3
 Ozocubu's Armour         Ice            0%         N/A       71%         3
 Stone Arrow              Conj/Erth      0%         3d7       71%         3
 Summon Guardian Golem    Hex/Summ       0%         N/A       71%         3
 Teleport Other           Tloc           0%         N/A       71%         3
 Anguish                  Hex/Necr       2%         N/A       80%         4
 Animate Armour           Summ/Erth      0%         N/A       98%         4
 Vhi's Electric Charge    Tloc/Air       0%         N/A       98%         4
 Arcjolt                  Conj/Air       0%         1d10      100%        5
 Dispersal                Tloc           0%         N/A       100%        6
 Eringya's Noxious Bog    Tmut/Pois      0%         4d6       100%        6
 Plasma Beam              Fire/Air       0%         2x1d10    100%        6
 Orb of Destruction       Conj           0%         9d5       100%        7
 Spellforged Servitor     Conj/Summ      0%         N/A       100%        7
 Lehudib's Crystal Spear  Conj/Erth      0%         10d2      100%        8
 Maxwell's Capacitive Co  Air            0%         ∞         100%        8
 Polar Vortex             Ice            0%         N/A       100%        9
 Wereblood                Tmut           Unusable   N/A       N/A         2

Dungeon Overview and Level Annotations

Branches:
Dungeon (7/15)
 Temple: D:4-7

Altars:
Makhleb
Okawaru
Qazlal
Uskayaw

Shops:
D:5 *

Annotations:
D:7 Joseph


Innate Abilities, Weirdness & Mutations

You are immune to poison.
You have sharp fingernails.
Your flesh is cold resistant. (rC+)
You are immune to negative energy. (rN+++)
You do not regenerate when monsters are visible.
You are immune to unholy pain and torment.
You thrive by killing the living.


Message History

Search for what [? for help]? altar
Okay, then.
Joseph, a Mercenary comes into view.
He is wielding a +0 quarterstaff.
Found a stone staircase leading up and a stone staircase leading down.
Joseph shouts!
Joseph unwields a +0 quarterstaff.
Joseph wields a +0 sling.
Joseph shoots a sling bullet.
The sling bullet closely misses you.
Joseph is nearby!
You start waiting.
Joseph is nearby!
Joseph unwields a +0 sling.
Joseph wields a +0 quarterstaff.
Joseph hits you with a +0 quarterstaff.
You scratch Joseph.
Joseph is lightly wounded.
Joseph hits you with a +0 quarterstaff.
You scratch Joseph.
Joseph is lightly wounded.
Joseph hits you with a +0 quarterstaff!
You barely miss Joseph.
Joseph is lightly wounded.
Joseph hits you with a +0 quarterstaff!
You claw Joseph!
Joseph is moderately wounded.
Joseph hits you with a +0 quarterstaff!
You scratch Joseph.
Joseph is moderately wounded.
Joseph hits you with a +0 quarterstaff!
You scratch Joseph but do no damage.
Joseph is moderately wounded.
You scratch Joseph but do no damage.
Joseph is moderately wounded.
Joseph hits you with a +0 quarterstaff!!
* * * LOW HITPOINT WARNING * * *
You scratch Joseph.
Joseph is moderately wounded.
Joseph misses you.
It was a potion of attraction.
You feel attractive to monsters. Joseph hits you with a +0 quarterstaff!
You die...

#.## . ##.... >@
..... <.. ....
#...# ####..# #
.(... #.#...#.##
......##@........
#....@.....#..
##....##..#.#
.....#.##..# #
........#..#
........<..#
##........##
##..##..##
##....##


You could see Joseph.

Vanquished Creatures
  Sigmund (D:5)
  A water moccasin (D:6)
  An ice beast (D:5)
  An ogre (D:6)
  A centaur (D:5)
  Blork the orc (D:5)
  A scorpion (D:6)
  A howler monkey (D:5)
  2 jellies
  2 orc priests
  2 sleepcaps (D:5)
  2 iguanas
  Ijyb (D:6)
  3 orc wizards
  4 gnolls (D:5)
  9 adders
  3 shadow imps
  3 white imps
  3 ufetubi (D:6)
  A worm (D:4)
  7 orcs
  4 ball pythons
  4 endoplasms
  3 giant cockroaches
  7 goblins
  5 hobgoblins
  3 quokkas
  5 bats
  5 frilled lizards
  7 kobolds
  6 rats
99 creatures vanquished.

Notes
Turn   | Place    | Note
-------+----------+-------------------------------------------
     0 | D:1      | grandjackal the Ghoul Monk began the quest for the Orb.
     0 | D:1      | Reached XP level 1. HP: 19/19 MP: 0/0
    79 | D:1      | Reached XP level 2. HP: 22/26 MP: 1/1
   580 | D:2      | Reached XP level 3. HP: 22/33 MP: 2/2
   910 | D:2      | Reached XP level 4. HP: 34/40 MP: 3/3
  1627 | D:3      | Found a faded altar of an unknown god.
  1991 | D:4      | Reached XP level 5. HP: 24/47 MP: 4/4
  2182 | D:4      | Reached skill level 5 in Fighting
  2182 | D:4      | Reached skill level 5 in Unarmed Combat
  2476 | D:4      | Got the Volume of Niveous Burning
  2479 | D:4      | Learned a level 1 spell: Necrotise
  2552 | D:4      | Reached XP level 6. HP: 49/56 MP: 5/5
  2577 | D:4      | Found a stormy altar of Qazlal.
  2772 | D:4      | Reached skill level 1 in Necromancy
  2793 | D:4      | Got Nettutall's Treatise on Shifting Intoxication
  2868 | D:5      | Entered Level 5 of the Dungeon
  2868 | D:5      | Noticed Sigmund
  2880 | D:5      | Killed Sigmund
  2881 | D:5      | Reached XP level 7. HP: 44/62 MP: 6/6
  3005 | D:5      | Found Inar's Assorted Antiques.
  3014 | D:5      | Bought a smoky blue potion for 22 gold pieces
  3014 | D:5      | Bought a blue potion for 22 gold pieces
  3014 | D:5      | Bought a scroll labelled IFARABR SIYK for 25 gold pieces
  3014 | D:5      | Bought a scroll labelled VAILEGR CIWN for 25 gold pieces
  3014 | D:5      | Bought a scroll labelled IFARABR SIYK for 25 gold pieces
  3014 | D:5      | Bought a scroll labelled IFARABR SIYK for 25 gold pieces
  3253 | D:5      | Noticed Ijyb
  3254 | D:5      | Noticed Blork the orc
  3428 | D:6      | Killed Ijyb
  3509 | D:5      | Killed Blork the orc
  3712 | D:5      | Found an iron altar of Okawaru.
  3828 | D:5      | Reached XP level 8. HP: 68/71 MP: 7/7
  4296 | D:6      | Found a burning altar of Makhleb.
  4530 | D:6      | Identified the +8 bardiche of Aseissi {vamp, Int+2}
  5013 | D:6      | Found a hide-covered altar of Uskayaw.
  5326 | D:7      | Noticed Joseph
  5344 | D:7      | Mangled by Joseph

Illustrated notes

Levels and vault maps discovered:
D:1:      tarquinn_simple_flora_water_c, layout_rooms
D:2:      minmay_spotlight, layout_basic
D:3:      layout_basic, basic_ecumenical_altar
D:4:      layout_gridville, old_standard_altar, serial_library,
          serial_library_hellmonk_metal_room,
          serial_library_hellmonk_filled_rooms,
          serial_library_hellmonk_small_corner,
          serial_library_hellmonk_open_square,
          serial_library_regret_index_split_case,
          serial_library_hellmonk_semicircle,
          serial_library_hellmonk_open_cross,
          serial_library_regret_index_headful
D:5:      layout_gridville, elyvilon_altar_3, okawaru_ov_weapons_minmay,
          serial_shops, nicolae_shop_gibbet_a_chance, grunt_decor_arrowhead,
          minmay_misc_feat_hallway, uniq_blork_the_orc, uniq_ijyb, uniq_sigmund
D:6:      layout_loops_ring, jmf_multi_god_temple, amcnicky_altar_gilded
D:7:      layout_cave_pools, minmay_temple_entry_statues_fountains,
          minmay_fire_ice_demons, uniq_joseph

Skill      XL: |  1  2  3  4  5  6  7  8 |
---------------+-------------------------+-----
Dodging        | 3 |  3.0
Fighting       | 4 5 6 7 |  7.5
Unarmed Combat | 4 5 6 7 |  7.4
Necromancy     | 2 3 4 |  4.5

Action                     |  1- 3 |  4- 6 |  7- 9 || total
---------------------------+-------+-------+-------++-------
  Melee: Unarmed           |    77 |   117 |   133 ||   327
    Use: Potion            |       |       |     1 ||     1
 Armour: Robe              |    42 |    66 |    91 ||   199
  Dodge: Dodged            |    34 |    65 |    70 ||   169

Table legend: (Time is in decaauts)
 A = Elapsed time spent in this place.
 B = Non-inter-level travel time spent in this place.
 C = Inter-level travel time spent in this place.
 D = Time resting spent in this place.
 E = Time spent auto-exploring this place.
 F = Levels seen in this place.
 G = Mean time per level.
                   A        B        C        D        E       F      G
               +--------+--------+--------+--------+--------+-----+--------+
         Total |   5312 |   5094 |    218 |   1054 |   3263 |   7 |  758.9 |
       Dungeon |   5312 |   5094 |    218 |   1054 |   3263 |   7 |  758.9 |
               +--------+--------+--------+--------+--------+-----+--------+

Top non-repeatable levels by time:
     D:6: 1323 daAuts
     D:5: 1112 daAuts
     D:4: 846 daAuts
     D:3: 759 daAuts
     D:2: 724 daAuts
     D:1: 521 daAuts
     D:7: 23 daAuts
